 Dungeon Crawl Stone Soup version 0.22.1-2-g9c5b331383 (webtiles) character file.

246 Forgol the Grave Robber (level 5, -3/42 HPs)
             Began as a Deep Dwarf Necromancer on Dec 21, 2018.
             Slain by an orc
             ... wielding a +0 hand axe
              (6 damage)
             ... on level 4 of the Dungeon.
             The game lasted 00:26:59 (5688 turns).

Forgol the Grave Robber (Deep Dwarf Necromancer)    Turns: 5688, Time: 00:26:59

Health: -3/42      AC:  3    Str: 11    XL:     5   Next: 84%
Magic:  1/9        EV: 13    Int: 17    God:
Gold:   151        SH:  0    Dex: 13    Spells: 5/10 levels left

rFire    . . .     SeeInvis .   b - +0 dagger
rCold    . . .     Gourm    .   (no shield)
rNeg     . . .     Faith    .   a - +0 robe
rPois    .         Spirit   .   l - +0 helmet (curse)
rElec    .         Reflect  .   (no cloak)
rCorr    .         Harm     .   (no gloves)
MR       .....                  (no boots)
Stlth    ++........             (no amulet)
HPRegen  0.00/turn              (no ring)
MPRegen  0.11/turn              (no ring)

@: non-regenerating
A: damage resistance, heal wounds, sense surroundings 1, no regeneration
a: Heal Wounds


You were on level 4 of the Dungeon.
You were not hungry.

You visited 1 branch of the dungeon, and saw 4 of its levels.

You collected 151 gold pieces.

Inventory:

Hand Weapons
 b - a +0 dagger (weapon)
 r - a +4 quarterstaff of chaos
Armour
 a - a +0 robe (worn)
 l - a cursed +0 helmet (worn)
 s - a +0 cloak
Scrolls
 e - 3 scrolls of remove curse {unknown}
 h - 2 scrolls of teleportation {unknown}
 i - 5 scrolls of identify {unknown}
 j - 2 scrolls of enchant armour {unknown}
 k - a scroll of blinking {unknown}
 n - a scroll of amnesia {unknown}
 p - 2 scrolls of immolation {unknown}
Potions
 d - a potion of haste {unknown}
 f - 2 potions of degeneration {unknown}
 g - a potion of flight {unknown}
 m - a potion of ambrosia {unknown}
 q - a potion of brilliance {unknown}


   Skills:
 - Level 0.4 Short Blades
 + Level 3.2 Dodging
 + Level 3.7 Stealth
 + Level 3.0 Spellcasting
 * Level 6.1 Necromancy


You had 5 spell levels left.
You knew the following spells:

 Your Spells              Type           Power        Failure   Level  Hunger
a - Pain                  Necr           ###.         1%          1    None
b - Vampiric Draining     Necr           ###.......   4%          3    ###....
c - Animate Skeleton      Necr           N/A          1%          1    None

Your spell library contained the following spells:

 Spells                   Type           Power        Failure   Level  Hunger
 Animate Dead             Necr           N/A          14%         4    ####...
 Regeneration             Chrm/Necr      Unusable     N/A         3    N/A

Dungeon Overview and Level Annotations

Branches:
Dungeon (4/15)
 Temple: D:4-7

Altars:
Elyvilon
Qazlal

Shops:
D:4 =


Innate Abilities, Weirdness & Mutations

You are resistant to damage.
You can heal yourself by infusing magical energy.
You passively map a small area around you.
You do not regenerate.


Message History

The orc wizard barely misses you. The orc wizard barely misses you.
The orc hits you.
* * * LOW HITPOINT WARNING * * *
The orc barely misses you.
The orc wizard hits you but does no damage.
The orc closely misses you.
The orc wizard gestures at you while chanting.
The puff of flame hits you!
* * * LOW HITPOINT WARNING * * *
The orc hits you with a hand axe.
* * * LOW HITPOINT WARNING * * *
Unknown command.
The orc wizard barely misses you. The orc hits you.
The orc wizard hits you but does no damage.
The orc barely misses you. x2; The orc wizard closely misses you.
The orc hits you with a hand axe.
An orc comes into view.
The orc wizard barely misses you. The orc closely misses you.
The orc wizard completely misses you. The orc hits you with a hand axe!
You die...

,,#.....
#...♣.........# *
#...o. #.♣.∩.♣.......#
,#.....
#...♣##..###### *
.#.....##...###..# ,
......)........>.## ,
..##+##.#######...#
........##........#
.......o##........# ,
, .......o@........##
,
#+#....o.........#####
#..#.................#
##.#..$..#...........#
# #.....######......#
, , * ...##+##
#......#### ,, ....*
** * #.....()(.. *##!
, , #......#### *
#......####


You could see an orc wizard and 3 orcs.

Vanquished Creatures
  Crazy Yiuf (D:3)
  An orc wizard (D:4)
  Natasha (D:3)
  Terence (D:3)
  Robin (D:2)
  2 adders
  An ooze (D:2)
  2 adder skeletons (D:4)
  3 worms
  5 leopard geckos
  5 orcs
  5 ball pythons
  5 giant cockroaches
  9 goblins
  12 hobgoblins
  A quokka (D:2)
  8 bats
  4 frilled lizards
  5 kobolds (D:1)
  7 rats
79 creatures vanquished.

Vanquished Creatures (others)
  A quokka (D:2)
1 creature vanquished.

Grand Total: 80 creatures vanquished

Notes
Turn   | Place    | Note
-------+----------+-------------------------------------------
     0 | D:1      | Forgol the Deep Dwarf Necromancer began the quest for the
                  | Orb.
     0 | D:1      | Reached XP level 1. HP: 15/15 MP: 3/3
   186 | D:1      | Reached XP level 2. HP: 22/22 MP: 2/4
   312 | D:1      | You fall through a shaft!
   332 | D:2      | Noticed Robin
   988 | D:1      | Reached skill level 5 in Necromancy
  1550 | D:2      | Reached XP level 3. HP: 26/28 MP: 2/6
  1871 | D:2      | Found a white marble altar of Elyvilon.
  1995 | D:1      | Learned a level 3 spell: Vampiric Draining
  1997 | D:1      | Learned a level 1 spell: Animate Skeleton
  2215 | D:2      | Killed Robin
  2600 | D:2      | Reached XP level 4. HP: 29/36 MP: 1/7
  3076 | D:2      | Found a faded altar of an unknown god.
  3164 | D:3      | Noticed Terence
  3355 | D:3      | Killed Terence
  3990 | D:3      | Found a stormy altar of Qazlal.
  4429 | D:3      | Reached XP level 5. HP: 25/42 MP: 7/9
  4540 | D:3      | Noticed Natasha
  4546 | D:3      | Killed Natasha
  4754 | D:3      | Found a runed door.
  4758 | D:3      | Noticed Crazy Yiuf
  4764 | D:3      | Killed Crazy Yiuf
  5139 | D:4      | Reached skill level 6 in Necromancy
  5358 | D:4      | Found Huopreb's Jewellery Shop.
  5688 | D:4      | Slain by an orc

Skill      XL: |  1  2  3  4  5 |
---------------+----------------+-----
Spellcasting   | 2 3 |  3.0
Necromancy     | 5 6 |  6.1
Stealth        | 3 |  3.7
Dodging        | 3 |  3.2
Short Blades   | |  0.4

Action                   |  1- 3 |  4- 6 || total
-------------------------+-------+-------++-------
Melee: Dagger            |    70 |    47 ||   117
 Cast: Pain              |    69 |    42 ||   111
       Vampiric Draining |     5 |    24 ||    29
 Abil: Heal Wounds       |     2 |       ||     2
 Stab: Sleeping          |       |     1 ||     1
  Eat: Chunk             |     3 |    11 ||    14
       Ration            |     1 |     1 ||     2
Armor: Robe              |     6 |    11 ||    17
Dodge: Dodged            |    50 |    48 ||    98
